AoeStats
← xiribitatatata

Four Lakes

509941391Analyzed
1v1 RM · 2d ago on Sep 28, 2026· 55m 31s· 2 players
Game mode
Random Map
Map size
Tiny (2 player)
Population
200
Speed
Normal
Resources
Standard
Victory
Conquest
Starting age
Dark Age
Ending age
Imperial Age
RankedLock teamsTeams togetherTeam positionsShared explorationLock speedFull tech treeHidden civsTurbo modeCheats
Victory
Defeat
🇩🇪 Saracens · Germany
674
+16
🇩🇰 Spanish · Denmark
665
-16
xiribitatatata
8:33 Loom
10:46 Feudal Age
11:24 Double-Bit Axe
12:44 Wheelbarrow
16:12 Stone Mining
17:24 Man-at-Arms
18:00 Horse Collar
21:30 Castle Age
21:51 Long Swordsman
24:25 Husbandry
24:36 Bloodlines
24:35 Scale Barding Armor
25:49 Bow Saw
27:42 Fletching
28:18 Heavy Plow
29:30 Bodkin Arrow
30:50 Padded Archer Armor
31:52 Hand Cart
33:36 Leather Archer Armor
37:56 Imperial Age
36:42 Ballistics
36:19 Murder Holes
38:16 Elite Conquistador
40:09 Conscription
39:49 Gold Mining
40:39 Ring Archer Armor
41:35 Bracer
42:00 Chain Barding Armor
41:23 Cavalier
46:48 Chemistry
47:25 Plate Barding Armor
46:37 Paladin
Mameluckman
9:01 Loom
11:48 Feudal Age
13:04 Wheelbarrow
12:20 Double-Bit Axe
12:44 Town Watch
12:43 Man-at-Arms
13:19 Fishing Lines
15:33 Forging
15:24 Scale Mail Armor
15:18 Fletching
15:30 Padded Archer Armor
21:58 Castle Age
20:36 Horse Collar
20:51 Gold Mining
20:53 Stone Mining
21:21 Bloodlines
23:45 Hand Cart
23:43 Bow Saw
23:59 Heavy Plow
23:53 Gillnets
24:37 Town Patrol
24:41 Crossbowman
27:12 Ballistics
28:03 Thumb Ring
28:11 Bodkin Arrow
29:56 Leather Archer Armor
31:52 Squires
35:04 Iron Casting
34:45 Chain Mail Armor
37:10 Imperial Age
34:59 Murder Holes
35:16 Masonry
35:18 Scale Barding Armor
34:40 Elite Skirmisher
38:46 Husbandry
38:09 Heavy Camel Rider
40:26 Chemistry
39:32 Bracer
41:04 Gold Shaft Mining
40:22 Arbalester
42:07 Ring Archer Armor
42:00 Chain Barding Armor
42:43 Blast Furnace
43:05 Conscription
44:09 Two-Man Saw
43:35 Siege Engineers
46:40 Plate Barding Armor
45:27 Elite Mameluke
48:50 Plate Mail Armor
47:45 Long Swordsman
Connection lost

Rejoining the realm…

Still unreachable

The connection could not be restored.

Session expired

The server has moved on; the page needs a fresh start.